Map: Dusk Towers

Players

GerichRail (Rail)

  • Race: Protoss Protoss

Namshar - Winner!

  • Race: Zerg Zerg
  • League: Grandmaster

Event: DreamHack ZOWIE Open Leipzig

VOD

Have the link to the VOD?

Description

Time

  • Played on: Jan. 22, 2016, 10:12 a.m.
  • Length: 10:25

All games in this series

Show
View Real Time Build Order
Export as new Build Order

GerichRail Protoss 

Build Orders: Nexus First 

Get SALT Encoding   

  12  0:01  Probe (Chrono Boost)  
  13  0:11  Probe (Chrono Boost)  
  14  0:18  Pylon  
  14  0:22  Probe (Chrono Boost)  
  15  0:36  Probe (Chrono Boost)  
  16  0:47  Probe (Chrono Boost)  
  17  0:57  Probe (Chrono Boost)  
  18  1:05  Nexus  
  18  1:08  Probe (Chrono Boost)  
  19  1:19  Probe (Chrono Boost)  
  19  1:20  Gateway  
  20  1:26  Assimilator  
  20  1:29  Probe (Chrono Boost)  
  21  1:33  Assimilator  
  22  1:40  Probe (Chrono Boost)  
  22  1:42  Pylon  
  22  1:50  Probe (Chrono Boost)  
  23  1:57  Gateway  
  24  2:01  Probe (Chrono Boost)  
  24  2:10  Cybernetics Core  
  24  2:12  Probe (Chrono Boost)  
  25  2:19  Probe (Chrono Boost)  
  25  2:22  Probe (Chrono Boost)  
  27  2:29  Probe (Chrono Boost)  
  28  2:33  Probe (Chrono Boost)  
  29  2:40  Probe (Chrono Boost)  
  29  2:43  Probe (Chrono Boost)  
  31  2:45  Adept (Chrono Boost)  
  31  2:46  Adept (Chrono Boost)  
  31  2:48  Warp Gate  
  31  2:51  Probe  
  36  2:55  Mothership Core (Chrono Boost)  
  38  3:02  Pylon  
  38  3:08  Probe (Chrono Boost)  
  38  3:09  Adept x2 (Chrono Boost)  
  43  3:16  Probe (Chrono Boost)  
  44  3:25  Probe (Chrono Boost)  
  45  3:28  Probe (Chrono Boost)  
  45  3:30  Pylon  
  46  3:35  Probe (Chrono Boost)  
  46  3:36  Sentry x2  
  46  3:37  Pylon  
  46  3:40  Probe (Chrono Boost)  
  52  3:46  Probe (Chrono Boost)  
  53  3:51  Probe (Chrono Boost), Nexus  
  54  3:56  Probe (Chrono Boost)  
  54  3:57  Assimilator  
  54  3:59  Assimilator  
  54  4:01  Forge  
  55  4:03  Probe (Chrono Boost)  
  56  4:11  Probe (Chrono Boost)  
  56  4:14  Probe (Chrono Boost)  
  58  4:21  Stargate  
  58  4:22  Stargate  
  59  4:24  Probe (Chrono Boost), Pylon  
  59  4:25  Probe (Chrono Boost)  
  60  4:37  Pylon  
  60  4:38  Probe x2 (Chrono Boost)  
  62  4:40  Robotics Facility  
  62  4:41  Protoss Ground Weapons Level 1  
  62  4:45  Pylon  
  62  4:50  Probe x2 (Chrono Boost)  
  62  4:51  Adept x2  
  68  5:00  Probe x2 (Chrono Boost)  
  68  5:06  Phoenix x2 (Chrono Boost)  
  74  5:08  Probe  
  74  5:12  Adept x2  
  74  5:13  Probe  
  80  5:15  Probe  
  80  5:20  Probe  
  81  5:21  Assimilator  
  81  5:23  Assimilator  
  81  5:25  Probe  
  85  5:28  Phoenix (Chrono Boost)  
  85  5:31  Probe, Phoenix (Chrono Boost)  
  85  5:32  Probe  
  89  5:38  Probe  
  89  5:42  Probe (Chrono Boost)  
  90  5:45  Probe (Chrono Boost)  
  90  5:46  Immortal (Chrono Boost)  
  90  5:49  Probe (Chrono Boost), Phoenix (Chrono Boost)  
  96  5:54  Probe (Chrono Boost)  
  96  5:56  Twilight Council  
  100  6:01  Probe  
  101  6:04  Gateway  
  101  6:07  Pylon  
  101  6:08  Probe x2  
  101  6:09  Pylon  
  101  6:10  Phoenix  
  106  6:22  Warp Prism (Chrono Boost)  
  106  6:24  Gateway x2  
  107  6:27  Sentry  
  107  6:28  Zealot  
  107  6:32  Gateway  
  111  6:33  Gateway, Charge  
  111  6:35  Protoss Ground Weapons Level 2 (Chrono Boost)  
  111  6:44  Probe  
  111  6:45  Probe  
  113  6:49  Robotics Facility  
  113  6:50  Observer  
  114  6:58  Zealot x2  
  118  7:04  Gateway  
  118  7:07  Pylon  
  118  7:10  Robotics Facility  
  118  7:13  Immortal (Chrono Boost)  
  118  7:14  Pylon  
  122  7:25  Zealot x2  
  122  7:26  Zealot x3  
  132  7:30  Pylon  
  132  7:31  Pylon  
  132  7:35  Pylon  
  128  7:37  Immortal (Chrono Boost)  
  132  7:45  Pylon  
  132  7:49  Immortal (Chrono Boost)  
  132  7:51  Sentry, Zealot  
  140  7:56  Immortal (Chrono Boost)  
  144  8:01  Pylon  
  144  8:04  Templar Archives  
  144  8:07  Pylon  
  144  8:09  Pylon  
  144  8:14  Immortal (Chrono Boost)  
  148  8:26  Immortal (Chrono Boost), Photon Cannon  
  152  8:33  Immortal (Chrono Boost)  
  156  8:40  High Templar x2  
  156  8:41  Zealot x3, High Templar x2  
  164  8:42  Zealot  
  164  8:45  Pylon, Archon, Photon Cannon  
  176  8:48  Immortal (Chrono Boost)  
  176  8:52  Archon  
  176  9:00  Immortal (Chrono Boost)  
  180  9:04  Zealot x3  
  180  9:06  Zealot  
  184  9:11  Immortal (Chrono Boost)  
  188  9:22  Observer (Chrono Boost)  
  189  9:26  Zealot x4  
  189  9:27  Zealot  
  199  9:34  Observer (Chrono Boost)  
  196  9:46  Immortal x2 (Chrono Boost), High Templar  
  196  9:47  Zealot  
  166  10:03  Zealot x5  
  154  10:10  Zealot  
  154  10:11  Zealot  
  134  10:20  Zealot  
Show
View Real Time Build Order
Export as new Build Order

Namshar Zerg - Winner!

Build Orders: Hatch First, Lurkers 

Get SALT Encoding   

  12  0:00  Drone  
  13  0:08  Drone  
  14  0:17  Overlord  
  14  0:21  Extractor  
  14  0:22  Drone  
  15  0:35  Drone x2  
  17  0:53  Hatchery  
  17  0:54  Drone  
  17  1:09  Spawning Pool  
  17  1:10  Drone  
  17  1:14  Drone  
  18  1:34  Hatchery  
  18  1:36  Drone  
  18  1:40  Drone  
  18  1:43  Drone  
  20  1:55  Queen  
  22  2:06  Queen  
  22  2:07  Overlord  
  24  2:10  Zergling x2  
  24  2:12  Drone  
  24  2:15  Drone  
  27  2:17  Drone  
  28  2:26  Drone  
  28  2:27  Drone  
  30  2:31  Queen  
  32  2:37  Drone  
  32  2:39  Drone  
  32  2:42  Queen  
  36  2:49  Overlord  
  36  2:50  Drone  
  36  2:51  Drone  
  38  2:55  Drone  
  38  2:56  Drone  
  40  3:00  Drone  
  40  3:04  Drone  
  42  3:10  Overlord  
  42  3:12  Drone  
  43  3:14  Drone x4, Extractor  
  43  3:15  Extractor  
  43  3:17  Zergling x2  
  43  3:18  Zergling x2  
  43  3:19  Zergling x2  
  48  3:22  Overlord  
  48  3:30  Zergling x2  
  48  3:31  Zergling x2  
  48  3:32  Drone  
  48  3:33  Drone  
  51  3:44  Drone x8  
  59  3:50  Overlord  
  59  3:53  Roach Warren  
  58  3:59  Drone x3  
  58  4:00  Metabolic Boost  
  61  4:03  Overlord  
  61  4:08  Zergling x4  
  63  4:16  Drone x3  
  66  4:18  Lair, Overlord  
  66  4:19  Overlord  
  66  4:25  Drone  
  66  4:27  Extractor  
  66  4:29  Drone x3  
  69  4:35  Drone x3  
  69  4:36  Drone x2  
  69  4:38  Spore Crawler, Extractor x2  
  73  4:39  Drone  
  73  4:40  Spore Crawler, Drone  
  73  4:42  Drone x2  
  74  4:49  Overlord  
  74  4:50  Drone x3  
  77  4:55  Drone, Extractor  
  77  4:56  Drone x2  
  77  4:59  Drone x2  
  81  5:02  Overlord  
  81  5:05  Drone  
  82  5:13  Drone x2  
  84  5:14  Evolution Chamber  
  84  5:15  Evolution Chamber, Overseer  
  84  5:16  Hatchery  
  84  5:17  Glial Reconstitution  
  80  5:22  Roach x3  
  80  5:24  Roach  
  80  5:25  Roach x4  
  80  5:28  Overlord  
  97  5:29  Roach  
  97  5:31  Roach  
  101  5:36  Roach x3  
  107  5:49  Drone, Spore Crawler  
  107  5:51  Drone x2  
  107  5:53  Zerg Ground Armor Level 1, Zerg Melee Weapons Level 1  
  107  5:56  Hydralisk Den  
  108  5:57  Infestation Pit  
  108  6:00  Pneumatized Carapace  
  108  6:02  Hatchery  
  106  6:07  Overlord x3  
  106  6:10  Drone  
  107  6:16  Hatchery  
  106  6:22  Drone  
  107  6:26  Lurker Den  
  107  6:28  Hydralisk x3  
  107  6:31  Spore Crawler  
  107  6:32  Hydralisk x2  
  116  6:44  Queen  
  116  6:46  Overlord x2  
  118  6:47  Hydralisk x2  
  118  6:48  Hydralisk x2  
  126  6:55  Hydralisk x2  
  130  7:02  Overlord  
  130  7:06  Drone  
  131  7:09  Spore Crawler  
  131  7:10  Hydralisk x3  
  131  7:14  Queen  
  137  7:22  Drone  
  137  7:23  Drone x2  
  137  7:27  Hive  
  139  7:38  Zergling x12  
  139  7:39  Zergling x18  
  139  7:43  Overlord  
  154  7:44  Overlord  
  154  7:45  Overlord  
  154  7:54  Lurker x7  
  154  7:55  Lurker x2  
  154  7:56  Lurker  
  163  8:08  Drone x9  
  163  8:09  Drone  
  163  8:10  Lurker  
  163  8:11  Lurker  
  163  8:12  Overlord  
  175  8:14  Overlord  
  175  8:15  Overlord  
  175  8:26  Lurker x2  
  176  8:30  Zergling x12  
  176  8:31  Extractor  
  169  8:34  Extractor  
  169  8:40  Evolution Chamber  
  167  8:43  Evolution Chamber, Spore Crawler x2  
  167  8:46  Drone x4  
  167  8:47  Evolution Chamber, Drone x3  
  167  8:48  Drone x3, Spore Crawler  
  171  9:07  Zergling x10  
  171  9:08  Zergling x16  
  171  9:09  Hydralisk  
  182  9:20  Hydralisk x2  
  182  9:22  Hydralisk x4  
  194  9:25  Hydralisk x2  
  170  9:46  Hydralisk x2  
  170  9:48  Lurker  
  170  9:49  Lurker x3  
  178  9:54  Overseer  
  178  9:58  Hydralisk x4  
  180  10:00  Zergling x20  
  180  10:01  Zergling x14  
  180  10:04  Zergling x8  

Tags
 
Add a new tag
Caveats
  • Supply blocks, unpowered buildings, or Contaminate may cause inaccurate times.
  • Supply counts are checked every 10 seconds.